 Dungeon Crawl Stone Soup version 0.22-a0-445-g8c8ef71 (webtiles) character file.

47138 Gorglomux the Pandemonic (level 14, -21/133 HPs)
             Began as a Deep Dwarf Fighter on June 2, 2018.
             Was a High Priest of Makhleb.
             Demolished by a dire elephant (26 damage)
             ... on level 6 of the Lair of Beasts.
             The game lasted 00:13:52 (10764 turns).

Gorglomux the Pandemonic (Deep Dwarf Fighter)      Turns: 10764, Time: 00:13:53

Health: -21/133    AC: 21    Str: 25    XL:     14   Next: 7%
Magic:  1/1        EV:  7    Int:  9    God:    Makhleb [*****.]
Gold:   1089       SH: 13    Dex: 12    Spells: 13/13 levels left

rFire    . . .     SeeInvis .   a - +1 war axe
rCold    . . .     Gourm    .   m - +0 shield
rNeg     + . .     Faith    .   W - +0 plate armour
rPois    .         Spirit   .   Y - +2 hat {MR+}
rElec    .         Reflect  .   r - +2 cloak
rCorr    .         Harm     .   (no gloves)
MR       +++..                  (no boots)
Stlth    ..........             (no amulet)
HPRegen  0.00/turn              (no ring)
MPRegen  0.07/turn              (no ring)

@: non-regenerating
A: damage resistance, heal wounds, negative energy resistance 1, sense
surroundings 2, no regeneration
a: Heal Wounds, Minor Destruction, Lesser Servant of Makhleb, Major Destruction,
Greater Servant of Makhleb, Renounce Religion


You were on level 6 of the Lair of Beasts.
You worshipped Makhleb.
Makhleb was extremely pleased with you.
You were hungry.

You visited 3 branches of the dungeon, and saw 20 of its levels.
You also visited: Ice Cave.

You collected 1089 gold pieces.

Inventory:

Hand Weapons
 a - a +1 war axe (weapon)
Armour
 m - a +0 shield (worn)
 r - a +2 cloak (worn)
 W - a +0 plate armour (worn)
 Y - a +2 hat of magic resistance (worn)
Jewellery
 c - an uncursed ring of protection from cold
 N - an uncursed ring of resist corrosion {unknown}
 X - a +3 ring of protection {unknown}
Wands
 A - a wand of acid (13)
Scrolls
 i - 6 scrolls of enchant weapon
 y - 7 scrolls of remove curse
 F - 2 scrolls of fog
 G - a scroll of enchant armour
 J - 2 scrolls of amnesia
 M - 3 scrolls of magic mapping
 R - 8 scrolls of identify
 T - 6 scrolls of teleportation
 V - a scroll of fear
Potions
 d - 2 potions of might
 l - 4 potions of heal wounds
 n - 4 potions of degeneration
 p - 8 potions of agility
 w - a potion of haste {unknown}
 E - a potion of cancellation {unknown}
 H - 2 potions of brilliance {unknown}
 K - a potion of lignification
 L - a potion of flight {unknown}
 O - a potion of magic {unknown}
 Q - a potion of curing
 S - 2 potions of invisibility
 Z - 2 potions of mutation {unknown}
Miscellaneous
 U - a box of beasts
Comestibles
 f - 37 rations
 P - 19 chunks of flesh


   Skills:
 + Level 10.5 Fighting
 + Level 12.1 Axes
 + Level 12.3 Armour
 + Level 12.2 Shields
 + Level 14.5 Invocations


You had 13 spell levels left.
You didn't know any spells.
Your spell library contained the following spells:

 Spells                   Type           Power        Failure   Level  Hunger
 Cause Fear               Hex            #.........   100%        4    #####..
 Magic Dart               Conj           #...         99%         1    ##.....
 Conjure Flame            Conj/Fire      #.......     100%        3    ####...
 Slow                     Hex            #.......     100%        2    ###....
 Mephitic Cloud           Conj/Pois/Air  #.......     100%        3    ####...
 Blink                    Tloc           N/A          100%        2    ###....
 Call Imp                 Summ           #.......     100%        2    ###....
 Stone Arrow              Conj/Erth      #.....       100%        3    ####...
 Deflect Missiles         Chrm/Air       #.........   100%        6    #######
 Passwall                 Tmut/Erth      #.......     100%        2    ###....
 Silence                  Hex/Air        #.........   100%        5    ######.
 Lee's Rapid Deconstruct  Erth           #.........   100%        5    ######.
 Sandblast                Erth           #.....       99%         1    ##.....
 Petrify                  Tmut/Erth      #.......     100%        4    #####..
 Discord                  Hex            #.........   100%        8    #######
 Yara's Violent Unravell  Hex/Tmut       #.........   100%        5    ######.


Dungeon Overview and Level Annotations

Branches:
Dungeon (13/15)            Temple (1/1) D:4            Lair (6/6) D:8
 Shoals (0/4) Lair:2        Snake (0/4) Lair:3        Slime (0/5) Lair:5
    Orc (0/2) D:11
 Vaults: D:13-14

Altars:
Ashenzari
Dithmenos
Elyvilon
Gozag
Hepliaklqana
Kikubaaqudgha
Makhleb
Nemelex Xobeh
Okawaru
Qazlal
Ru
Sif Muna
Trog
Uskayaw
Vehumet
Wu Jian
Zin
The Shining One
Jiyva

Shops:
D:4 :

Annotations:
D:12 Fannar
Lair:5 1 runed door, exclusion: oklob plant


Innate Abilities, Weirdness & Mutations

You are resistant to damage.
You can heal yourself by infusing magical energy.
You resist negative energy. (rN+)
You passively map the area around you.
You do not regenerate.


Message History

The wyvern barely misses your hellwing!
You slice the dire elephant like a ripe choko!
The butt elephant is severely wounded!
You block the dire elephant's attack! x2; The wyvern bites your hellwing!!!
Your hellwing hits the wyvern!
The wyvern dies!!!
Makhleb roars: BUTT!
Unknown command!
You slice the dire elephant like a ripe choko!!!
The dire elephant butts almost dead!
The dire elephant tramples you!!!!!! * * * don't die
* * * You hold your ground!!!
The dire elephant trunk-slaps butt!
Your hellwing hits the dire elephant!
Your hellwing hits the dire elephant but does no damage!
Unknown command!
You slice the dire elephant like a ripe choko!!!
The dire elephant is almost dead!
The komodo dragon bites your hellwing! The dire elephant butts you!!!!!! rip

...................)....
, ,
.......♣♣♣........... ,
, .....♣♣♣ *♣♣♣.,,,, , ,
....♣♣ * * * * , #....♣
,♣♣ ...♣♣♣ * .♣ #...♣♣♣♣
♣♣.♣ ##..†..♣♣♣ ♣♣..♣♣
#....♣♣..♣♣♣♣♣♣.@4.♣*
.....♣♣♣♣.......♣Yl.♣
....♣♣ ♣♣♣...♣♣♣♣D♣..♣
...♣♣* ♣♣♣♣♣ .♣*♣..,*
.... * *♣ **. , * ....,*
* *, ..., ** * * , , ,**
, * * , *


You could see a dire elephant, a four-headed hydra, a komodo dragon and a
friendly hellwing.

Vanquished Creatures
  Gastronok (D:10)
  3 hydras
  4 two-headed ogres
  4 death yaks
  Sonja (D:12)
  Nergalle (D:12)
  An unseen horror (D:10)
  A lindwurm (Lair:6)
  Pikel (D:7)
  2 ugly things
  2 cyclopes
  Psyche (D:8)
  13 elephants (Lair:6)
  A torpor snail (Lair:6)
  4 black mambas
  8 spiny frogs
  3 rime drakes
  5 komodo dragons
  2 polar bears
  6 trolls
  3 meliai (Lair:6)
  A queen bee (Lair:6)
  Grinder (D:5)
  4 blink frogs
  9 hippogriffs
  A shadow (D:10)
  3 wyverns
  3 basilisks
  Sigmund (D:4)
  2 hogs (Lair:5)
  25 yaks
  2 wraiths
  Grum (D:8)
  A hungry ghost (D:7)
  Menkaure (D:4)
  A steam dragon (D:10)
  4 nagas (Lair:3)
  14 water moccasins
  5 orc warriors
  5 porcupines
  4 sky beasts
  A black bear (D:10)
  A slave (D:7)
  2 ice beasts
  8 ogres
  12 wolves
  5 centaurs
  9 crocodiles
  A big kobold (D:9)
  13 bullfrogs
  A wyvern skeleton (D:10)
  3 scorpions
  A water moccasin skeleton (D:5)
  33 killer bees
  4 howler monkeys
  6 crimson imps
  2 centaur zombies
  7 orc wizards
  A centaur skeleton (D:12)
  An orc priest (D:10)
  6 hounds
  2 jellies
  2 bullfrog skeletons
  A gnoll shaman (D:7)
  3 iguanas
  10 worker ants
  2 hell rats (Lair:2)
  2 hound zombies (D:5)
  A hound skeleton (D:4)
  2 worker ant zombies
  14 adders
  6 gnolls
  8 river rats (Lair:2)
  2 shadow imps (D:7)
  An ooze (D:4)
  An adder skeleton (D:4)
  An adder zombie (D:9)
  A worm (D:5)
  2 dart slugs (D:4)
  3 leopard geckos
  21 orcs
  A ball python (D:3)
  3 giant cockroaches
  4 goblins
  4 hobgoblins (D:2)
  13 jackals
  4 kobolds (D:9)
  2 quokkas
  5 bats
  2 frilled lizards
  A giant cockroach zombie (D:5)
  2 leopard gecko skeletons (D:4)
  A leopard gecko zombie (D:8)
  6 rats
  A plant (Lair:2)
406 creatures vanquished.

Vanquished Creatures (collateral kills)
  Kirke (Lair:5)
  Snorg (Lair:6)
  A hydra (Lair:4)
  A death yak (Lair:5)
  A spiny frog (Lair:5)
  A hippogriff (Lair:5)
  4 blink frogs (Lair:4)
  A wyvern (Lair:6)
  A hungry ghost (D:12)
  A porcupine (Lair:4)
  A crocodile (Lair:6)
  A bullfrog (Lair:5)
  A fungus (Lair:4)
16 creatures vanquished.

Vanquished Creatures (others)
  A human (Lair:5)
  2 slaves (D:7)
  2 gnolls (D:7)
  2 orcs (D:7)
  A fungus (Lair:5)
  13 plants
21 creatures vanquished.

Grand Total: 443 creatures vanquished

Notes
Turn   | Place    | Note
-------+----------+-------------------------------------------
     0 | D:1      | Gorglomux the Deep Dwarf Fighter began the quest for the Orb.
     0 | D:1      | Reached XP level 1. HP: 20/20 MP: 1/1
   193 | D:1      | Reached XP level 2. HP: 27/27 MP: 2/2
   311 | D:2      | Reached skill level 3 in Fighting
   356 | D:2      | Found an opulent altar of Gozag.
   382 | D:2      | Noticed a hand axe
   382 | D:2      | Noticed a dagger
   383 | D:2      | Found a hide-covered altar of Uskayaw.
   470 | D:2      | Reached XP level 3. HP: 21/34 MP: 3/3
   872 | D:2      | Reached skill level 3 in Axes
   902 | D:3      | Reached XP level 4. HP: 11/42 MP: 4/4
   926 | D:3      | Found an ancient bone altar of Kikubaaqudgha.
  1140 | D:4      | Found a staircase to the Ecumenical Temple.
  1160 | Temple   | Entered the Ecumenical Temple
  1314 | Temple   | Became a worshipper of Makhleb the Destroyer
  1485 | D:4      | Reached XP level 5. HP: 32/49 MP: 5/5
  1519 | D:4      | Noticed an ogre
  1526 | D:4      | Killed an ogre
  1526 | D:4      | Reached XP level 6. HP: 23/57 MP: 6/6
  1569 | D:4      | Noticed Menkaure
  1574 | D:4      | Killed Menkaure
  1704 | D:4      | Noticed Sigmund
  1729 | D:4      | Killed Sigmund
  1729 | D:4      | Reached XP level 7. HP: 43/66 MP: 6/6
  1737 | D:4      | Found Caovui's Book Boutique.
  1845 | D:5      | Entered Level 5 of the Dungeon
  1851 | D:5      | Noticed Grinder
  1878 | D:5      | Killed Grinder
  1951 | D:5      | Reached skill level 6 in Armour
  1951 | D:5      | Reached skill level 6 in Shields
  1970 | D:5      | Reached XP level 8. HP: 45/74 MP: 7/7
  2041 | D:5      | Noticed a hippogriff
  2052 | D:5      | Killed a hippogriff
  2249 | D:5      | Reached skill level 6 in Axes
  2283 | D:5      | Reached * piety under Makhleb
  2437 | D:6      | Reached skill level 1 in Invocations
  2488 | D:6      | Found a hazy altar of Hepliaklqana.
  2685 | D:7      | Noticed Pikel
  2711 | D:7      | Reached skill level 2 in Invocations
  2730 | D:7      | Killed Pikel
  2730 | D:7      | Reached skill level 6 in Fighting
  2730 | D:7      | Reached skill level 3 in Invocations
  2730 | D:7      | Gained mutation: You passively map the area around you. [Deep Dwarf growth]
  2730 | D:7      | Reached XP level 9. HP: 64/82 MP: 7/9
  2811 | D:7      | Found a stormy altar of Qazlal.
  2974 | D:7      | Reached skill level 4 in Invocations
  3040 | D:8      | Noticed a two-headed ogre
  3053 | D:8      | Killed a two-headed ogre
  3053 | D:8      | Reached skill level 5 in Invocations
  3132 | D:8      | Noticed Psyche
  3136 | D:8      | Noticed a two-headed ogre
  3152 | D:8      | Killed Psyche
  3156 | D:8      | Killed a two-headed ogre
  3156 | D:8      | Reached skill level 6 in Invocations
  3156 | D:8      | Reached XP level 10. HP: 46/92 MP: 10/12
  3292 | D:8      | Noticed Grum
  3314 | D:8      | Killed Grum
  3332 | D:8      | Found a staircase to the Lair.
  3631 | D:8      | Reached ** piety under Makhleb
  3974 | D:9      | Reached skill level 7 in Invocations
  3977 | D:9      | Reached skill level 9 in Armour
  3977 | D:9      | Reached skill level 9 in Shields
  4037 | D:9      | Found a radiant altar of Vehumet.
  4418 | D:9      | Got a polished scale mail
  4429 | D:9      | Identified the cursed +0 scale mail of the Bull {Str-2 SInv Stlth+} (You found it on level 9 of the Dungeon)
  4558 | D:10     | Entered Level 10 of the Dungeon
  4682 | D:10     | Reached *** piety under Makhleb
  4682 | D:10     | Reached skill level 9 in Axes
  4775 | D:10     | Reached XP level 11. HP: 48/103 MP: 8/8
  4806 | D:10     | HP: 3/103 [something/ball of steam (26)]
  4829 | D:10     | Noticed Gastronok
  4840 | D:10     | Killed Gastronok
  4840 | D:10     | Reached skill level 8 in Invocations
  5021 | D:10     | Killed an unseen horror
  5442 | D:11     | Found a glowing golden altar of the Shining One.
  5592 | D:11     | Reached skill level 9 in Invocations
  5610 | D:11     | Noticed a green ugly thing
  5619 | D:11     | Killed a green ugly thing
  5720 | D:11     | Found a staircase to the Orcish Mines.
  5844 | D:11     | Reached **** piety under Makhleb
  5980 | D:12     | Noticed Nergalle
  6064 | D:12     | Noticed a red ugly thing
  6087 | D:12     | Killed a red ugly thing
  6129 | D:12     | Noticed a two-headed ogre
  6129 | D:12     | Noticed a two-headed ogre
  6149 | D:12     | Killed a two-headed ogre
  6151 | D:12     | Killed a two-headed ogre
  6298 | D:12     | Killed Nergalle
  6345 | D:12     | Reached XP level 12. HP: 25/112 MP: 6/6
  6365 | D:12     | Noticed a death knight
  6373 | D:12     | Noticed Fannar
  6396 | D:13     | Noticed a centaur warrior
  6399 | D:13     | Noticed an eight-headed hydra
  6411 | D:12     | Noticed Sonja
  6424 | D:12     | HP: 4/112 [killer bee (4)]
  6458 | D:12     | Killed Sonja
  6458 | D:12     | Reached skill level 9 in Fighting
  6458 | D:12     | Reached skill level 10 in Invocations
  6600 | Lair:1   | Entered Level 1 of the Lair of Beasts
  6802 | Lair:1   | Found a deep blue altar of Sif Muna.
  7401 | Lair:2   | Found a staircase to the Shoals.
  8032 | Lair:3   | Reached ***** piety under Makhleb
  8174 | Lair:3   | Found a staircase to the Snake Pit.
  8195 | Lair:3   | Reached skill level 11 in Invocations
  8277 | Lair:3   | Noticed an eight-headed hydra
  8289 | Lair:3   | Killed an eight-headed hydra
  8589 | Lair:4   | Noticed an eight-headed hydra
  8598 | Lair:4   | Killed an eight-headed hydra
  8974 | Lair:4   | Found a frozen archway.
  8987 | IceCv    | Entered an ice cave
  9171 | Lair:5   | Reached XP level 13. HP: 65/123 MP: 3/3
  9277 | Lair:5   | Noticed Kirke
  9734 | Lair:5   | Found a runed door.
  9734 | Lair:5   | Found a viscous altar of Jiyva.
  9780 | Lair:5   | Found a staircase to the Slime Pits.
  9854 | Lair:5   | Killed Kirke
  9886 | Lair:6   | Entered Level 6 of the Lair of Beasts
  9896 | Lair:6   | Reached skill level 12 in Armour
  9903 | Lair:6   | Reached skill level 12 in Invocations
  9928 | Lair:6   | Reached skill level 12 in Shields
 10038 | Lair:6   | Reached skill level 12 in Axes
 10069 | Lair:6   | HP: 3/186 [meliai/divine providence (9)]
 10082 | Lair:6   | HP: 7/186 [killer bee (3)]
 10087 | Lair:6   | HP: 8/186 [killer bee (4)]
 10326 | Lair:6   | Reached skill level 13 in Invocations
 10411 | Lair:6   | Reached skill level 14 in Invocations
 10512 | Lair:6   | Gained mutation: You resist negative energy. (rN+) [Deep Dwarf growth]
 10512 | Lair:6   | Reached XP level 14. HP: 78/133 MP: 1/1
 10609 | Lair:6   | Noticed Snorg
 10626 | Lair:6   | Killed Snorg
 10763 | Lair:6   | HP: 5/133 [dire elephant (17)]
 10764 | Lair:6   | Demolished by a dire elephant

Vault maps used:
D:1:      dpeg_arrival_ternary
D:2:      nicolae_gozag_seed_capital, dancing_weapons_uskayaw
D:3:      kiku_gazebo_garden_becter, first_ration, uniq_ijyb
D:4:      minmay_temple_entry_purple_smoke, serial_shops, shop, uniq_menkaure,
          uniq_sigmund
D:5:      serial_undead, serial_undead_a, serial_undead_f, serial_undead_a,
          serial_undead_f, uniq_duvessa, uniq_grinder
D:6:      overflow_temple_1_default
D:7:      lemuel_coloured_pillars_altar, overflow_temple_1_default, uniq_pikel
D:8:      david_lair_shrubbed, uniq_grum, uniq_psyche
D:9:      lemuel_round_altar, grunt_pizzeria
D:10:     uniq_gastronok
D:11:     basic_altar
D:12:     uniq_fannar, uniq_sonja, uniq_nergalle
Temple:   regret_index_temple_generic_petals
Lair:1:   minmay_guarded_unrand_snakebite, basic_altar, st_stairs_3,
          serial_bayou_lagoon_a, hibernation_bobbens
Lair:2:   minmay_shoals_entry_centaurs, kennysheep_rathole
Lair:3:   minmay_snake_entry_guardpost_small
Lair:4:   portal_ice_cave_rime
Lair:5:   slime_altar_2, minmay_lair_oklob_chamber, serial_bayou_shore_b,
          uniq_kirke
Lair:6:   evil_forest, special_room, grunt_megastairs_1, lemuel_fruit_fields,
          uniq_snorg
IceCv:    ice_cave_caverns_03

Skill      XL: |  1  2  3  4  5  6  7  8  9 10 11 12 13 |
---------------+----------------------------------------+-----
Fighting       | 3 4 5 6 7 8 9 10 | 10.5
Axes           | 3 4 5 6 8 9 10 11 12 | 12.1
Armour         | 4 5 6 7 8 9 10 11 12 | 12.3
Shields        | 4 5 6 7 8 9 10 11 12 | 12.2
Invocations    | 3 6 7 9 11 14 | 14.5

Action                   |  1- 3 |  4- 6 |  7- 9 | 10-12 | 13-15 || total
-------------------------+-------+-------+-------+-------+-------++-------
Melee: War axe           |    96 |   107 |   249 |   948 |   531 ||  1931
Invok: Lesser Servant of |       |       |       |    10 |     8 ||    18
       Minor Destruction |       |       |       |     4 |     5 ||     9
 Abil: Heal Wounds       |       |     6 |    11 |    57 |    18 ||    92
Evoke: Wand              |       |       |     1 |     8 |     2 ||    11
  Use: Scroll            |       |       |       |    27 |     2 ||    29
       Potion            |       |       |       |     3 |     5 ||     8
 Stab: Distracted        |       |       |       |     5 |     4 ||     9
  Eat: Chunk             |       |     3 |     7 |    19 |     6 ||    35
       Ration            |       |       |       |     3 |       ||     3
Armor: Scale mail        |    55 |    65 |    81 |   121 |       ||   322
       Plate armour      |       |       |       |   594 |   440 ||  1034
       Skin              |       |       |       |       |   199 ||   199
Dodge: Dodged            |    37 |    30 |    73 |   369 |   219 ||   728
Block: Shield            |    54 |    71 |   170 |   824 |   620 ||  1739

Table legend:
 A = Spawn XP
 B = Non-spawn XP
 C = Spawn XP percentage of total XP
 D = Spawn monster count
 E = Non-spawn monster count
 F = Spawn count percentage of total count
 G = Total turns spent on level
                    A         B        C        D         E        F      G
               +---------+---------+-------+---------+---------+-------+---------
         Total |       0 |   67340 |   0.0 |       0 |     419 |   0.0 | 10764
               +---------+---------+-------+---------+---------+-------+---------
           D:1 |       0 |      14 |   0.0 |       0 |       8 |   0.0 |   271
           D:2 |       0 |      79 |   0.0 |       0 |      19 |   0.0 |   619
           D:3 |       0 |      31 |   0.0 |       0 |       9 |   0.0 |   219
           D:4 |       0 |     771 |   0.0 |       0 |      24 |   0.0 |   545
           D:5 |       0 |    1035 |   0.0 |       0 |      15 |   0.0 |   477
           D:6 |       0 |     262 |   0.0 |       0 |       7 |   0.0 |   338
           D:7 |       0 |    1664 |   0.0 |       0 |      22 |   0.0 |   364
           D:8 |       0 |    4428 |   0.0 |       0 |      24 |   0.0 |   968
           D:9 |       0 |    1962 |   0.0 |       0 |      27 |   0.0 |   665
          D:10 |       0 |    5151 |   0.0 |       0 |      37 |   0.0 |   846
          D:11 |       0 |    2634 |   0.0 |       0 |      20 |   0.0 |   634
          D:12 |       0 |    5855 |   0.0 |       0 |      22 |   0.0 |   457
        Lair:1 |       0 |    2257 |   0.0 |       0 |      15 |   0.0 |   671
        Lair:2 |       0 |    3224 |   0.0 |       0 |      25 |   0.0 |   678
        Lair:3 |       0 |    3911 |   0.0 |       0 |      20 |   0.0 |   593
        Lair:4 |       0 |    4765 |   0.0 |       0 |      18 |   0.0 |   587
        Lair:5 |       0 |    8412 |   0.0 |       0 |      21 |   0.0 |   707
        Lair:6 |       0 |   20070 |   0.0 |       0 |      82 |   0.0 |   878
         IceCv |       0 |     815 |   0.0 |       0 |       4 |   0.0 |    50
               +---------+---------+-------+---------+---------+-------+---------
